[Event "Kvibergspelen September 2019"]
[Site "Prioritet Serneke Arena, Krutvagen 2, Gothenburg, Sweden"]
[Date "2019.09.29"]
[Round "7.9"]
[White "Cramling, Pia"]
[Black "Torngren, Gustav"]
[Result "1/2-1/2"]
[TimeControl "15 minutes + 5 seconds per move from move one (Round 1 - 4) / 90 minutes + 30 seconds per move from move one (Round 5 - 8)"]
[WhiteTitle "GM"]
[BlackTitle "CM"]
[WhiteFideId "1700030"]
[BlackFideId "1728970"]
[WhiteElo "2487"]
[BlackElo "2227"]

1. d4 e6 2. Nf3 Nf6 3. c4 d5 4. Bg5 h6 5. Bxf6 Qxf6 6. Qb3 c6 7. g3 Bd6 8. Nbd2 Nd7 9. Bg2 O-O 10.
Rd1 Bc7 11. O-O Re8 12. e4 dxc4 13. Nxc4 e5 14. dxe5 Nxe5 15. Nfxe5 Bxe5 16. f4 Bc7 17. e5 Qe7 18. Nd6 Rd8 19.
Qa3 Bg4 20. Rde1 Rd7 21. h3 Be6 22. f5 Bd5 23. Bxd5 cxd5 24. f6 Bxd6 25. exd6 Qxd6 26. Qxd6 Rxd6 27. Re7 g6 28. Rxb7 d4 29.
Rd1 Rc8 30. Rb4 d3 31. Rb3 d2 32. Kf2 Rcd8 33. Ke2 g5 34. Re3 a6 35. b4 Kh7 36. a4 Kg6 37. Rf3 Re6+ 38. Re3 Red6 39.
Rf3 Rd4 40. Rb3 Re8+ 41. Kf2 Rd6 42. Re3 Rb8 43. Re4 Rc8 44. Ke2 Rcd8 45. b5 axb5 46. axb5 Kxf6 47. Rb4 Re8+ 48. Kf2 Kg6 49.
Rb3 Red8 50. g4 Rb6 51. Ke2 Re6+ 52. Kf2 Rb6 53. Ke2 Rd5 54. Rxd2 Rdxb5 55. Rxb5 Rxb5 56. Rd6+ f6 57. Kf3 Rb3+ 58.
Kg2 Rb2+ 59. Kg3 Rb3+ 60. Kg2 Rb4 61. Kg3 Ra4 62. Rb6 Ra1 63. Kg2 Ra2+ 64. Kg3 Ra3+ 65. Kg2 Rc3 66. Ra6 Rb3 67.
Rc6 Rb8 68. Kg3 Ra8 69. Rb6 Ra7 70. Rc6 Rd7 71. Ra6 Rd3+ 72. Kg2 Rd4 73. Kg3 Rb4 74. Rc6 Rb7 75. Ra6 Rh7 76. h4 h5 77.
hxg5 Kxg5 78. Ra5+ Kg6 79. gxh5+ Rxh5 80. Rxh5 Kxh5 81. Kf4 Kg6 82. Kg4 Kg7 83. Kf4 Kf7 84. Kf5 Ke7 85. Kf4 Kd6 86.
Kf5 Ke7 87. Kf4 Ke6 88. Ke4 f5+ 89. Kf4 Kf6 90. Kf3 Ke5 91. Ke3 Kd6 92. Kf4 Ke6 93. Kf3 Ke5 94. Ke3 f4+ 95. Kf3 Kf5 96.
Kf2 Kg4 97. Kg2 f3+ 98. Kf2 Kf4 99. Kf1 Ke4 100. Kf2 Kf4 101. Kf1 Kg5 102. Kf2 Kg4 103. Kf1 Kg3 104. Kg1 Kf4 105.
Kf2 Ke4 106. Kf1 Ke3 107. Ke1 f2+ 108. Kf1 Kf3 1/2-1/2

[Event "Kvibergspelen September 2019"]
[Site "Prioritet Serneke Arena, Krutvagen 2, Gothenburg, Sweden"]
[Date "2019.09.29"]
[Round "7.10"]
[White "Lindberg, Bengt"]
[Black "Lindbol, Aleksander"]
[Result "1-0"]
[TimeControl "15 minutes + 5 seconds per move from move one (Round 1 - 4) / 90 minutes + 30 seconds per move from move one (Round 5 - 8)"]
[WhiteTitle "IM"]
[WhiteFideId "1700359"]
[BlackFideId "1520644"]
[WhiteElo "2397"]
[BlackElo "2216"]

1. e4 c5 2. Nf3 Nc6 3. d4 cxd4 4. Nxd4 Nf6 5. Nc3 e5 6. Ndb5 d6 7. Bg5 a6 8. Na3 b5 9. Nd5 Be7 10.
Bxf6 Bxf6 11. c4 b4 12. Nc2 O-O 13. g3 Bg5 14. Bg2 a5 15. O-O Be6 16. Kh1 Bh6 17. f4 exf4 18. gxf4 Rc8 19.
Nce3 Ne7 20. Qh5 Rc5 21. Rae1 Kh8 22. b3 Ng8 23. Qf3 Qh4 24. Qg3 Qd8 25. Rd1 Ne7 26. Nxe7 Qxe7 27. f5 Bc8 28.
Ng4 Rd8 29. e5 Bg5 30. exd6 Qf8 31. Ne5 Bf6 32. Nc6 Rd7 33. Qe3 1-0

[Event "Kvibergspelen September 2019"]
[Site "Prioritet Serneke Arena, Krutvagen 2, Gothenburg, Sweden"]
[Date "2019.09.29"]
[Round "7.11"]
[White "Johansson, Gunnar"]
[Black "Bellon Lopez, Juan"]
[Result "0-1"]
[TimeControl "15 minutes + 5 seconds per move from move one (Round 1 - 4) / 90 minutes + 30 seconds per move from move one (Round 5 - 8)"]
[BlackTitle "GM"]
[WhiteFideId "1703501"]
[BlackFideId "2200031"]
[WhiteElo "2183"]
[BlackElo "2334"]

1. d4 Nf6 2. Nf3 c5 3. c3 e6 4. e3 a6 5. Bd3 d6 6. O-O Nbd7 7. e4 e5 8. Re1 g6 9. a4 Bg7 10.
dxe5 Nxe5 11. Nxe5 dxe5 12. Be3 Qe7 13. Nd2 Be6 14. Bc4 Bxc4 15. Nxc4 Rd8 16. Qc2 O-O 17. f3 Qe6 18. b3 b5 19.
axb5 axb5 20. Na3 c4 21. bxc4 bxc4 22. Red1 Rxd1+ 23. Rxd1 Ra8 24. Qb2 Bf8 25. Nc2 Qc6 26. Nb4 Qb5 27.
Qd2 Bc5 28. h4 Kg7 29. Kh2 Bxe3 30. Qxe3 Ra3 31. Nd5 Nh5 32. Qc1 Qa4 33. Nb6 Qa7 34. Nxc4 Ra2 35. Rg1 Qc5 36. Ne3 Nf4 37.
Qb1 Qe7 38. Kg3 Ne2+ 39. Kh3 Qe6+ 40. Kh2 Qf6 0-1

[Event "Kvibergspelen September 2019"]
[Site "Prioritet Serneke Arena, Krutvagen 2, Gothenburg, Sweden"]
[Date "2019.09.29"]
[Round "7.12"]
[White "Sidorchuk, Dmitry"]
[Black "Nygren, Kim"]
[Result "0-1"]
[TimeControl "15 minutes + 5 seconds per move from move one (Round 1 - 4) / 90 minutes + 30 seconds per move from move one (Round 5 - 8)"]
[WhiteFideId "14110903"]
[BlackFideId "1706136"]
[WhiteElo "2266"]
[BlackElo "2171"]

1. d4 Nf6 2. c4 g6 3. Nc3 Bg7 4. e4 d6 5. Nf3 O-O 6. Be2 e5 7. O-O Nc6 8. d5 Ne7 9. b4 Nh5 10.
Re1 h6 11. Nd2 Nf4 12. Bf1 f5 13. Nb3 g5 14. g3 Nfg6 15. exf5 Bxf5 16. Ne4 Qd7 17. Nbd2 Rf7 18. Ba3 Raf8 19.
Rc1 Bg4 20. Qb3 Nf5 21. Bb2 Nd4 22. Bxd4 exd4 23. c5 Ne5 24. cxd6 cxd6 25. b5 Bh3 26. Be2 d3 27. Bd1 Bg4 28.
Qb4 Bxd1 29. Rexd1 Qh3 30. Qxd6 Ng4 31. Nf1 Bd4 32. Rd2 Nxf2 33. Rxf2 Rxf2 34. Nxf2 Rxf2 35. Qg6+ Kf8 36. Qd6+ Kg7 37.
Qc7+ Rf7+ 38. Kh1 Rxc7 39. Rxc7+ Kg6 40. Nd2 Qf5 0-1

[Event "Kvibergspelen September 2019"]
[Site "Prioritet Serneke Arena, Krutvagen 2, Gothenburg, Sweden"]
[Date "2019.09.29"]
[Round "7.13"]
[White "Bruaset, Eivind"]
[Black "Pham, Bich Ngoc"]
[Result "1-0"]
[TimeControl "15 minutes + 5 seconds per move from move one (Round 1 - 4) / 90 minutes + 30 seconds per move from move one (Round 5 - 8)"]
[BlackTitle "WIM"]
[WhiteFideId "1515276"]
[BlackFideId "12401285"]
[WhiteElo "2181"]
[BlackElo "2244"]

1. e4 g6 2. d4 Bg7 3. Nc3 d6 4. f4 f5 5. e5 c5 6. Be3 cxd4 7. Bxd4 Nc6 8. Nf3 Nxd4 9. Qxd4 Nh6 10.
Bb5+ Bd7 11. O-O-O Bxb5 12. Nxb5 a6 13. Nc3 Nf7 14. Qd5 Qb6 15. Rhe1 O-O 16. Qe6 Kh8 17. Rd3 Qa5 18. Rd5 Qc7 19.
Rd3 Rac8 20. Re2 dxe5 21. fxe5 Nd8 22. Qd7 e6 23. Kb1 Qb6 24. Qxc8 1-0

[Event "Kvibergspelen September 2019"]
[Site "Prioritet Serneke Arena, Krutvagen 2, Gothenburg, Sweden"]
[Date "2019.09.29"]
[Round "7.14"]
[White "Ronneland, Daniel"]
[Black "Petersson, Baldur Teodor"]
[Result "1-0"]
[TimeControl "15 minutes + 5 seconds per move from move one (Round 1 - 4) / 90 minutes + 30 seconds per move from move one (Round 5 - 8)"]
[BlackTitle "CM"]
[WhiteFideId "1702130"]
[BlackFideId "2309157"]
[WhiteElo "2137"]
[BlackElo "2238"]

1. e4 c5 2. Nf3 e6 3. d4 cxd4 4. Nxd4 a6 5. c4 Nf6 6. Nc3 Qc7 7. Be2 b6 8. Be3 Bb7 9. f3 Be7 10.
Rc1 d6 11. g4 h6 12. h4 Nbd7 13. Kd2 g6 14. Kc2 Rd8 15. Kb1 Qb8 16. Qd2 d5 17. cxd5 exd5 18. g5 dxe4 19. gxf6 Nxf6 20.
Rhf1 Bc5 21. f4 O-O 22. Rfd1 Bc8 23. Na4 Bxd4 24. Bxd4 Bf5 25. Ka1 Nd5 26. Be5 Qa7 27. Bc4 b5 28.
Bxd5 bxa4 29. Qg2 Qe3 30. Re1 Rc8 31. Bc3 Qxf4 32. Bxe4 Bxe4 33. Qxe4 Qxe4 34. Rxe4 a3 35. bxa3 Rfd8 36.
Kb2 Rd3 37. a4 Rh3 38. a5 g5 39. hxg5 hxg5 40. Rg4 Rc5 41. Bf6 Rh2+ 42. Kb1 Rxc1+ 43. Kxc1 Rxa2 44. Rxg5+ Kh7 45. Bb2 Ra4 46. Kc2 Kh6 47.
Kb3 Kxg5 48. Kxa4 Kf5 49. Kb4 Ke6 50. Kc5 Kd7 51. Kb6 Kc8 52. Be5 f6 53. Bf4 1-0

[Event "Kvibergspelen September 2019"]
[Site "Prioritet Serneke Arena, Krutvagen 2, Gothenburg, Sweden"]
[Date "2019.09.29"]
[Round "7.15"]
[White "Crevatin, Leo"]
[Black "Rasti, Arvin"]
[Result "1/2-1/2"]
[TimeControl "15 minutes + 5 seconds per move from move one (Round 1 - 4) / 90 minutes + 30 seconds per move from move one (Round 5 - 8)"]
[WhiteTitle "CM"]
[WhiteFideId "1726307"]
[BlackFideId "1741160"]
[WhiteElo "2235"]
[BlackElo "2182"]

1. c4 e5 2. Nc3 Nc6 3. g3 f5 4. Bg2 Nf6 5. d3 Bb4 6. Bd2 O-O 7. Nd5 Bxd2+ 8. Qxd2 d6 9. e3 Nxd5 10.
cxd5 Ne7 11. Ne2 c6 12. dxc6 bxc6 13. O-O Rb8 14. Rac1 Qb6 15. b3 Be6 16. e4 c5 17. Kh1 Nc6 18.
f4 Nb4 19. Nc3 1/2-1/2

[Event "Kvibergspelen September 2019"]
[Site "Prioritet Serneke Arena, Krutvagen 2, Gothenburg, Sweden"]
[Date "2019.09.29"]
[Round "7.16"]
[White "Skou, Niels"]
[Black "Sjoberg, Isak"]
[Result "0-1"]
[TimeControl "15 minutes + 5 seconds per move from move one (Round 1 - 4) / 90 minutes + 30 seconds per move from move one (Round 5 - 8)"]
[WhiteFideId "1413155"]
[BlackFideId "1521640"]
[WhiteElo "2082"]
[BlackElo "2231"]

1. d4 Nf6 2. c4 g6 3. Nc3 Bg7 4. e4 d6 5. Nf3 O-O 6. Be2 e5 7. d5 a5 8. Bg5 h6 9. Bh4 g5 10.
Bg3 Nh5 11. h4 g4 12. Nd2 Nxg3 13. fxg3 h5 14. O-O Na6 15. Bd3 c6 16. Kh2 Rb8 17. Qe2 Bd7 18. Rf2 Nb4 19. Nf1 Bh6 20.
Ne3 Bf4 21. Rxf4 exf4 22. Nf5 fxg3+ 23. Kxg3 Bxf5 24. exf5 Re8 25. Be4 cxd5 26. cxd5 Qf6 27. Qe3 0-1

[Event "Kvibergspelen September 2019"]
[Site "Prioritet Serneke Arena, Krutvagen 2, Gothenburg, Sweden"]
[Date "2019.09.29"]
[Round "7.17"]
[White "Frisk, Ellinor"]
[Black "Hardlei, Johan"]
[Result "1-0"]
[TimeControl "15 minutes + 5 seconds per move from move one (Round 1 - 4) / 90 minutes + 30 seconds per move from move one (Round 5 - 8)"]
[WhiteTitle "WIM"]
[WhiteFideId "1708481"]
[BlackFideId "1440489"]
[WhiteElo "2227"]
[BlackElo "2054"]

1. e4 c5 2. Nc3 Nc6 3. Bb5 Nd4 4. Bc4 g6 5. Nf3 d6 6. Nxd4 cxd4 7. Nb5 Bg7 8. Qf3 Nh6 9. d3 O-O 10.
Nxd4 Ng4 11. c3 Qb6 12. h3 Ne5 13. Qe3 Nxc4 14. dxc4 Bxd4 15. Qxd4 Qxd4 16. cxd4 Be6 17. b3 a6 18.
Be3 b5 19. c5 d5 20. Bh6 Rfb8 21. e5 Bd7 22. Kd2 f5 23. exf6 exf6 24. Bf4 Re8 25. Rhe1 Kf7 26. Kc3 Bc6 27.
f3 Rxe1 28. Rxe1 a5 29. Bc7 a4 30. Bd6 Re8 31. Rxe8 Kxe8 32. Kb4 Kd8 33. Ka5 axb3 34.
axb3 Kc8 35. Kb6 Bd7 36. h4 Bf5 37. Kxb5 Kb7 38. c6+ Ka7 39. Kc5 Bc2 40. b4 Bb3 41. b5 1-0

[Event "Kvibergspelen September 2019"]
[Site "Prioritet Serneke Arena, Krutvagen 2, Gothenburg, Sweden"]
[Date "2019.09.29"]
[Round "7.18"]
[White "Troedsson, Anton"]
[Black "Storme, Isak"]
[Result "1-0"]
[TimeControl "15 minutes + 5 seconds per move from move one (Round 1 - 4) / 90 minutes + 30 seconds per move from move one (Round 5 - 8)"]
[BlackTitle "FM"]
[WhiteFideId "1746006"]
[BlackFideId "1728113"]
[WhiteElo "2056"]
[BlackElo "2272"]

1. Nf3 Nf6 2. b3 g6 3. Bb2 Bg7 4. c4 O-O 5. g3 d6 6. d4 Nbd7 7. Bg2 Re8 8. O-O c6 9. Nc3 e5 10.
d5 cxd5 11. Nxd5 Nxd5 12. Qxd5 Nf6 13. Qd2 e4 14. Ng5 Bf5 15. Rad1 d5 16. cxd5 Qd7 17. f3 e3 18. Qc1 h6 19.
Qa1 hxg5 20. Bxf6 Bxf6 21. Qxf6 Qb5 22. g4 Bc2 23. Rd4 Qxe2 24. f4 Rac8 25. d6 Bd3 26. d7 Qxg2+ 27. Kxg2 Bxf1+ 28. Kf3 e2 29. dxc8=Q 1-0

[Event "Kvibergspelen September 2019"]
[Site "Prioritet Serneke Arena, Krutvagen 2, Gothenburg, Sweden"]
[Date "2019.09.29"]
[Round "7.19"]
[White "Ernst, Thomas"]
[Black "Svorono, Gabriel"]
[Result "1/2-1/2"]
[TimeControl "15 minutes + 5 seconds per move from move one (Round 1 - 4) / 90 minutes + 30 seconds per move from move one (Round 5 - 8)"]
[WhiteTitle "GM"]
[WhiteFideId "1700065"]
[BlackFideId "1715623"]
[WhiteElo "2328"]
[BlackElo "2082"]

1. e4 c5 2. Nf3 e6 3. d4 cxd4 4. Nxd4 a6 5. Nc3 Qc7 6. g3 Bb4 7. Bd2 Nf6 8. Bg2 Nc6 9. Nxc6 bxc6 10.
O-O O-O 11. f4 d5 12. e5 Bc5+ 13. Kh1 Nd7 14. Na4 Be7 15. c4 dxc4 16. Rc1 Bb7 17. Rxc4 c5 18. Qe2 a5 19. Bxb7 Qxb7+ 20. Qg2 Qxg2+ 21. Kxg2 Rfb8 22. Be3 Nb6 23. Nxb6 Rxb6 24. Rf2 Rb4 25. Rfc2 Rab8 26. b3 Rxc4 27. Rxc4 Rb5 28. Kf3 Kf8 29.
Ke4 Ke8 30. Kd3 Kd7 31. Bd2 Kc6 32. Ra4 Bd8 33. Kc4 h5 34. a3 Bc7 35. Bc3 Bb6 36. h3 g6 37. g4 hxg4 38. hxg4 Bc7 39.
g5 Bb6 40. Bd2 Bd8 41. Be1 Bc7 42. Bc3 Bd8 43. b4 cxb4 44. axb4 axb4 45. Bxb4 Bb6 46. Ra8 Rd5 47. Rc8+ Kb7 48.
Rf8 Rd7 49. Bd6 Bc7 50. Kc5 Bb6+ 51. Kb5 Bc7 52. Bc5 Bd8 53. Rh8 Be7 54. Bxe7 Rxe7 55. Rd8 Kc7 56. Rd6 Re8 57. Ra6 Rb8+ 58.
Kc5 Rb7 59. Ra8 Kd7 60. Rf8 Ke7 61. Ra8 Rb1 1/2-1/2

[Event "Kvibergspelen September 2019"]
[Site "Prioritet Serneke Arena, Krutvagen 2, Gothenburg, Sweden"]
[Date "2019.09.29"]
[Round "7.20"]
[White "Malmstig, Erik"]
[Black "Jonsson, Jacob"]
[Result "1/2-1/2"]
[TimeControl "15 minutes + 5 seconds per move from move one (Round 1 - 4) / 90 minutes + 30 seconds per move from move one (Round 5 - 8)"]
[WhiteTitle "FM"]
[WhiteFideId "1702866"]
[BlackFideId "1726315"]
[WhiteElo "2257"]
[BlackElo "2029"]

1. d4 d5 2. c4 e6 3. Nc3 Nf6 4. Bg5 Be7 5. e3 O-O 6. Qc2 h6 7. Bh4 a6 8. Nf3 Nbd7 9. Rd1 Re8 10.
Be2 dxc4 11. Bxc4 b5 12. Be2 Bb7 13. O-O Qc8 14. Rc1 c5 15. Rfd1 Qc6 16. Bf1 Rac8 17. Ne5 Nxe5 18. dxe5 Ng4 19.
Bg3 h5 20. Qe2 g6 21. f3 Nh6 22. Ne4 Nf5 23. Bf4 Red8 24. Qf2 c4 25. Nf6+ Kg7 26. Bd3 Qb6 27. Be4 Bc5 28. Bxb7 Nxe3 29.
Rxd8 Rxd8 30. Ne4 Bd4 31. Kh1 Nf5 32. Qe2 Qxb7 33. Bg5 Rd5 34. Bf6+ Kg8 35. Re1 Be3 36. a4 Bh6 37. axb5 Rxb5 38.
Qxc4 Rxb2 39. Qd3 Qb4 40. Rd1 Ne3 41. Rg1 Nd5 42. Qxa6 Rb1 43. Qa8+ Bf8 44. h4 Rxg1+ 45. Kxg1 Nxf6 46.
Nxf6+ Kg7 47. Qe4 1/2-1/2

[Event "Kvibergspelen September 2019"]
[Site "Prioritet Serneke Arena, Krutvagen 2, Gothenburg, Sweden"]
[Date "2019.09.29"]
[Round "8.2"]
[White "Hector, Jonny"]
[Black "Seo, Jung Min"]
[Result "1/2-1/2"]
[TimeControl "15 minutes + 5 seconds per move from move one (Round 1 - 4) / 90 minutes + 30 seconds per move from move one (Round 5 - 8)"]
[WhiteTitle "GM"]
[BlackTitle "FM"]
[WhiteFideId "1700090"]
[BlackFideId "1734687"]
[WhiteElo "2477"]
[BlackElo "2437"]

1. e4 c5 2. Nf3 Nc6 3. Nc3 g6 4. d4 cxd4 5. Nxd4 Bg7 6. Be3 Nf6 7. Bc4 d6 8. h3 Bd7 9. O-O O-O 10.
Bb3 a6 11. f4 Nxd4 12. Bxd4 Bc6 13. Qd3 Nd7 14. Bxg7 Kxg7 15. Rad1 Rc8 16. Qd4+ Kg8 17. e5 dxe5 18. fxe5 e6 19.
Qf4 b5 20. Rd6 b4 21. Nd1 Bb5 22. Re1 a5 23. c4 bxc3 24. Nxc3 Bc6 25. Kh2 Qe7 26. Qd4 Nb8 27. Ba4 Ba8 28.
Qf4 Qb7 29. Re2 Qb4 30. Rd4 Qc5 31. Qh4 Nc6 32. Bxc6 Bxc6 33. Rc4 Qa7 34. Rf4 Rcd8 35. Ref2 Qe3 36. Re2 Qa7 37. Qg5 Rd4 38. Rxd4 Qxd4 39.
Rd2 Qb6 40. Nd1 Qc7 41. Qf6 Bd5 42. b3 Qc1 43. Qf2 f6 44. exf6 Rxf6 45. Qxf6 Qxd2 46. Nf2 Qxa2 47. Qd8+ Kf7 48.
Qd7+ Kf8 49. Qc8+ Kg7 50. Qc7+ Kg8 51. Qd8+ 1/2-1/2

[Event "Kvibergspelen September 2019"]
[Site "Prioritet Serneke Arena, Krutvagen 2, Gothenburg, Sweden"]
[Date "2019.09.29"]
[Round "8.3"]
[White "Blomqvist, Erik"]
[Black "Andersson, Lars"]
[Result "1-0"]
[TimeControl "15 minutes + 5 seconds per move from move one (Round 1 - 4) / 90 minutes + 30 seconds per move from move one (Round 5 - 8)"]
[WhiteTitle "GM"]
[WhiteFideId "1709437"]
[BlackFideId "1706772"]
[WhiteElo "2519"]
[BlackElo "2029"]

1. e4 c6 2. d4 d5 3. exd5 cxd5 4. Bd3 Nc6 5. c3 g6 6. h3 Bg7 7. Nf3 Nf6 8. O-O O-O 9. Re1 Qc7 10.
Be3 Bd7 11. Nbd2 Rfe8 12. Nb3 Rad8 13. Bf1 Nh5 14. Nc5 Bc8 15. Nd3 Na5 16. b3 Nc6 17. a4 Bf5 18. b4 Bxd3 19. Qxd3 Nf6 20.
Rac1 Qd7 21. a5 a6 22. Ne5 Qe6 23. Qb1 Nxe5 24. dxe5 Nd7 25. f4 Rc8 26. Be2 Red8 27. Bf3 Nb8 28. Bg4 1-0

[Event "Kvibergspelen September 2019"]
[Site "Prioritet Serneke Arena, Krutvagen 2, Gothenburg, Sweden"]
[Date "2019.09.29"]
[Round "8.4"]
[White "Pantzar, Milton"]
[Black "Akesson, Ralf"]
[Result "1-0"]
[TimeControl "15 minutes + 5 seconds per move from move one (Round 1 - 4) / 90 minutes + 30 seconds per move from move one (Round 5 - 8)"]
[WhiteTitle "FM"]
[BlackTitle "GM"]
[WhiteFideId "1721003"]
[BlackFideId "1700120"]
[WhiteElo "2376"]
[BlackElo "2367"]

1. d4 Nf6 2. c4 e6 3. Nc3 Bb4 4.
e3 O-O 5. Bd3 d5 6. cxd5 exd5 7. Nge2 Re8 8. O-O Bd6 9. Nf4 Bxf4 10. exf4 Nc6 11. Be3 Ne7 12. f3 Bf5 13. g4 Bxd3 14.
Qxd3 c6 15. f5 Nc8 16. Rfe1 Nd6 17. b3 Qd7 18. Kg2 Re7 19. Bf4 Rae8 20. Re5 h6 21. Rae1 Nh7 22. Qd2 f6 23. Rxe7 Rxe7 24.
Rxe7 Qxe7 25. Bg3 Nf8 26. Kf2 Nd7 27. Ne2 Nc8 28. Nf4 Nf8 29. h4 Kf7 30. Qa5 Qd7 31. h5 Ke8 32. Ng6 Kf7 33.
Qb4 Nh7 34. a4 a6 35. Bb8 Ke8 36. Bf4 Kf7 37. Kg2 Kg8 38. Bc1 Qc7 39. Ba3 b6 40. Qe1 Qd7 41. f4 Kf7 42. a5 b5 43.
Bc5 Nd6 44. Nh8+ Kg8 45. Qe6+ Qxe6 46. fxe6 Nc8 47. Ng6 f5 48. gxf5 Nf6 49. Kf3 Nxh5 50. Ne5 Nf6 51. Nxc6 Ne4 52.
b4 h5 53. Nb8 h4 54. Nxa6 h3 55. Nc7 Nxc5 56. bxc5 b4 57. Nxd5 b3 58. Nc3 1-0

[Event "Kvibergspelen September 2019"]
[Site "Prioritet Serneke Arena, Krutvagen 2, Gothenburg, Sweden"]
[Date "2019.09.29"]
[Round "8.5"]
[White "Carlsson, Ludvig"]
[Black "Frisk, Ellinor"]
[Result "1/2-1/2"]
[TimeControl "15 minutes + 5 seconds per move from move one (Round 1 - 4) / 90 minutes + 30 seconds per move from move one (Round 5 - 8)"]
[WhiteTitle "CM"]
[BlackTitle "WIM"]
[WhiteFideId "1727010"]
[BlackFideId "1708481"]
[WhiteElo "2066"]
[BlackElo "2227"]

1. d4 d5 2. c4 c6 3. Nc3 e5 4. dxe5 d4 5. Ne4 Qa5+ 6. Bd2 Qxe5 7. Ng3 Nf6 8. Nf3 Qd6 9. Qc2 Be7 10.
O-O-O c5 11. e3 dxe3 12. Bxe3 Qb6 13. Nf5 Bxf5 14. Qxf5 O-O 15. Ne5 Nc6 16. Nxc6 Qxc6 17. Be2 Rad8 18.
Qf3 Qa6 19. Kb1 Rfe8 20. Bd3 g6 21. Rd2 Nd7 22. Be4 Ne5 23. Rxd8 Rxd8 24. Bxb7 Qb6 25. Qe4 Nd3 26. Bc1 Nxb2 27.
Qxe7 Nxc4+ 28. Ka1 Rb8 29. Re1 Qxb7 30. Qxb7 Rxb7 31. Bh6 f5 32. f3 Kf7 33. Bg5 Na3 34. Rc1 Ke6 35. Be3 c4 36.
Bc5 Nb5 37. Rxc4 Kd5 38. Rc1 Rc7 39. Ba3 Rxc1+ 40. Bxc1 Kc4 41. Be3 a6 42. Kb2 Kd3 43. Bc5 Kc4 44. Bf2 Nc3 45. Ba7 Ne2 46.
Bb8 Nc3 47. Ba7 Nd5 48. Ka3 h5 49. Bf2 Nf4 50. g4 Nd3 51. gxh5 gxh5 52. Bg3 Nc5 53. Bb8 Kd3 54. Kb4 Nb7 55.
Bc7 Ke3 56. Kc4 Kxf3 57. Kd5 f4 58. Kc6 Na5+ 59. Bxa5 Ke2 60. Kb7 f3 61. Bb6 h4 62. Kxa6 h3 63. Kb5 f2 64. Bxf2 Kxf2 65.
a4 Kg2 66. a5 Kxh2 67. a6 Kg1 68. a7 h2 69. a8=Q h1=Q 70. Qxh1+ Kxh1 1/2-1/2

[Event "Kvibergspelen September 2019"]
[Site "Prioritet Serneke Arena, Krutvagen 2, Gothenburg, Sweden"]
[Date "2019.09.29"]
[Round "8.6"]
[White "Nygren, Kim"]
[Black "Lindberg, Bengt"]
[Result "0-1"]
[TimeControl "15 minutes + 5 seconds per move from move one (Round 1 - 4) / 90 minutes + 30 seconds per move from move one (Round 5 - 8)"]
[BlackTitle "IM"]
[WhiteFideId "1706136"]
[BlackFideId "1700359"]
[WhiteElo "2171"]
[BlackElo "2397"]

1. d4 Nf6 2. c4 e6 3. Nc3 Bb4 4. Qb3 Ba5 5. Bg5 c6 6. O-O-O d5 7. e4 Bxc3 8. bxc3 h6 9. Bxf6 Qxf6 10.
e5 Qf4+ 11. Rd2 Qg5 12. h4 Qe7 13. Rh3 c5 14. Rg3 O-O 15. Bd3 cxd4 16. Bb1 dxc4 17. Qxc4 Nd7 18. Rxd4 Nxe5 19. Qe2 Qa3+ 20.
Kd1 Qc5 21. Qh5 f5 22. Qxh6 Qe7 23. Nh3 Rf6 24. Qh5 Bd7 25. Nf4 Be8 26. Qe2 Nc6 27. Rdd3 Bf7 28. Ke1 Rh6 29. h5 e5 30.
Nd5 Qh4 31. Rh3 Qg5 32. Ne3 e4 33. Rd7 Ne5 34. Rd4 Bxh5 35. Qb5 Re8 36. Rg3 Qf6 37. Bc2 Bf7 38. Bb3 Rf8 39. Nd5 Rh1+ 40. Ke2 Qh4 41. Ne3 Qh5+ 42.
Kd2 f4 43. Bxf7+ Nxf7 44. Qxh5 Rxh5 45. Rg4 Ne5 0-1

[Event "Kvibergspelen September 2019"]
[Site "Prioritet Serneke Arena, Krutvagen 2, Gothenburg, Sweden"]
[Date "2019.09.29"]
[Round "8.7"]
[White "Bellon Lopez, Juan"]
[Black "Jaksland, Tim"]
[Result "1-0"]
[TimeControl "15 minutes + 5 seconds per move from move one (Round 1 - 4) / 90 minutes + 30 seconds per move from move one (Round 5 - 8)"]
[WhiteTitle "GM"]
[BlackTitle "FM"]
[WhiteFideId "2200031"]
[BlackFideId "1401084"]
[WhiteElo "2334"]
[BlackElo "2214"]

1. b3 e5 2. Bb2 Nc6 3. e3 Nf6 4. c4 g6 5. Nf3 d6 6. d3 Bg7 7. g3 O-O 8. Bg2 Re8 9. e4 a5 10.
O-O Nd7 11. Nc3 Nc5 12. Nd5 Bd7 13. a3 Ne7 14. Nc3 Nc6 15. h3 Rf8 16. Nd5 Ne7 17. d4 exd4 18. Nxd4 Nxd5 19. cxd5 Ra6 20.
Qc2 Rb6 21. Rab1 Re8 22. Bc3 Qa8 23. Rfe1 Qc8 24. Kh2 Qd8 25. f4 Ra6 26. Qd2 b5 27. Rbd1 Qa8 28. Ba1 Qb8 29. Qc2 b4 30.
a4 Rb6 31. Qc4 Bc8 32. e5 Ba6 33. Qc2 dxe5 34. Nc6 Rxc6 35. dxc6 Ne6 36. Bxe5 Qb6 37. f5 Nf8 38. Bxg7 Rxe1 39.
Rxe1 Kxg7 40. Qb2+ Kg8 41. Re8 Qc5 42. Qe5 1-0

[Event "Kvibergspelen September 2019"]
[Site "Prioritet Serneke Arena, Krutvagen 2, Gothenburg, Sweden"]
[Date "2019.09.29"]
[Round "8.8"]
[White "Sorensen, Hampus"]
[Black "Bruaset, Eivind"]
[Result "1-0"]
[TimeControl "15 minutes + 5 seconds per move from move one (Round 1 - 4) / 90 minutes + 30 seconds per move from move one (Round 5 - 8)"]
[WhiteTitle "FM"]
[WhiteFideId "8703884"]
[BlackFideId "1515276"]
[WhiteElo "2319"]
[BlackElo "2181"]

1. d4 Nf6 2. c4 e6 3. Nf3 d5 4. Bg5 Be7 5. e3 O-O 6. Qc2 Ne4 7. Bxe7 Qxe7 8. Nc3 Nxc3 9. bxc3 Nd7 10.
Bd3 h6 11. O-O c5 12. Rad1 cxd4 13. cxd4 dxc4 14. Qxc4 Nb6 15. Qb3 Bd7 16. Bb1 g6 17. Rc1 Rfc8 18. Ne5 Be8 19. Be4 Rc7 20.
Nd3 Rac8 21. Rc5 Bc6 22. Bxc6 Rxc6 23. h3 Rxc5 24. Nxc5 e5 25. Rd1 Rc7 26. Ne4 Rc4 27. Qd3 exd4 28.
exd4 Kg7 29. Nc5 Rb4 30. Qf3 Nc8 31. Qc3 Rb6 32. d5+ Kh7 33. Na4 Qb4 34. Qf3 Qxa4 35. Qxf7+ Kh8 36. Re1 Nd6 37.
Qf8+ Kh7 38. Re7+ Nf7 39. Rxf7# 1-0

[Event "Kvibergspelen September 2019"]
[Site "Prioritet Serneke Arena, Krutvagen 2, Gothenburg, Sweden"]
[Date "2019.09.29"]
[Round "8.9"]
[White "Sjoberg, Isak"]
[Black "Troedsson, Anton"]
[Result "1/2-1/2"]
[TimeControl "15 minutes + 5 seconds per move from move one (Round 1 - 4) / 90 minutes + 30 seconds per move from move one (Round 5 - 8)"]
[WhiteFideId "1521640"]
[BlackFideId "1746006"]
[WhiteElo "2231"]
[BlackElo "2056"]

1. e4 c6 2. d4 d5 3. Nc3 dxe4 4. Nxe4 Nf6 5. Nxf6+ exf6 6. c3 Bd6 7. Bd3 O-O 8. Qc2 Re8+ 9.
Ne2 h5 10. O-O Qc7 11. g3 Bh3 12. Re1 Nd7 13. Bf4 g5 14. Bxd6 Qxd6 15. Bf5 Bxf5 16. Qxf5 Qe6 17. Qxe6 Rxe6 18.
f4 Rae8 19. Kf2 Nb6 20. h4 Nc4 21. fxg5 fxg5 22. hxg5 Ne3 23. Nf4 Ng4+ 24. Kf1 Nh2+ 25. Kf2 Ng4+ 26. Kf1 Rxe1+ 27. Rxe1 Nh2+ 1/2-1/2